 Dungeon Crawl Stone Soup version 0.31-a0-435-g2c6fae2916 (webtiles) character file.

Game seed: 2016039630193655124

79 avis the Chopper (level 4, -3/39 HPs)
             Began as a Hill Orc Monk on Aug 2, 2023.
             Splashed by a jelly's acid (11 damage)
             ... on level 2 of the Dungeon.
             The game lasted 00:04:43 (1071 turns).

avis the Chopper (Hill Orc Monk)                    Turns: 1071, Time: 00:04:43

Health: -3/39      AC: -12   Str: 15    XL:     4   Next: 38%
Magic:  4/4        EV:  7    Int: 10    God:
Gold:   62         SH:  0    Dex: 13    Spells: 3/3 levels left

rFire   . . .        a - +0 hand axe
rCold   . . .        d - orb {light}
rNeg    . . .        j - +0 chain mail
rPois   .            (no helmet)
rElec   .            (no cloak)
rCorr   .            (no gloves)
SInv    .            (no boots)
Will    .....        (no amulet) Stlth
                     (no ring)
HPRegen 0.26/turn    (no ring)
MPRegen 0.09/turn

%: no passive effects
@: confused, ambrosia-drunk, corroded, glowing
A: no striking features
a: no special abilities


You were on level 2 of the Dungeon.
You visited 1 branch of the dungeon, and saw 2 of its levels.

You collected 62 gold pieces.

Inventory:

Hand Weapons
 a - a +0 hand axe (weapon)
 k - a +0 spear
Armour
 b - a +0 robe
 d - an orb of light (worn)
 h - a +0 ring mail
 j - a +0 chain mail (worn)
Scrolls
 f - a scroll of noise {unknown}
 g - a scroll of revelation {unknown}
 l - a scroll of teleportation {unknown}
Potions
 e - 2 potions of curing {unknown}
 i - a potion of magic {unknown}


   Skills:
 - Level 3.6 Fighting
 * Level 6.7 Axes
 - Level 2.4 Dodging


You had 3 spell levels left.
You didn't know any spells.
Your spell library contained the following spells:

 Spells                   Type           Power      Damage    Failure   Level
 Static Discharge         Conj/Air       0%         2-2/arc   100%        2
 Airstrike                Air            0%         2d(0-16)  100%        4
 Summon Lightning Spire   Summ/Air       0%         N/A       100%        4
 Simulacrum               Ice/Necr       0%         N/A       100%        6
 Ozocubu's Refrigeration  Ice            0%         4d7       100%        7
 Polar Vortex             Ice            0%         N/A       100%        9


Dungeon Overview and Level Annotations

Branches:
Dungeon (2/15)

Altars:


Message History

The jackal is severely wounded.
You hit the jackal. The jackal bites you.
You closely miss the jackal.
The jackal is severely wounded.
You hit the jackal but do no damage.
The jackal bites you but does no damage.
The jackal barely misses you.
You slash the jackal!
You kill the jackal!
You hit the jackal.
You kill the jackal!
The jackal bites you but does no damage. x2
You closely miss the jackal. You hit the jackal.
The jackal bites you but does no damage. x2
You hit the jackal.
The jackal is moderately wounded.
You hit the jackal but do no damage.
The jackal bites you but does no damage. x2
You hit the jackal.
You kill the jackal!
You hit the jackal.
You kill the jackal!
You slash the jelly!
Your hands burn!
The jelly is heavily wounded.
The jelly hits you but does no damage.
You hit the jelly but do no damage. The acid corrodes you!
Your hands burn!
The jelly is heavily wounded.
The jelly hits you but does no damage.
You hit the jelly. The acid corrodes you!
Your hands burn!
The jelly is heavily wounded.
The jelly hits you. The acid corrodes you!
You are splashed with acid!
You hit the jelly but do no damage.
Your hands burn!
The jelly is heavily wounded.
The jelly hits you. The acid corrodes you!
You are splashed with acid!
* * * LOW HITPOINT WARNING * * *
You are confused.
You feel invigorated. The jelly hits you.
* * * LOW HITPOINT WARNING * * *
The acid corrodes you!
You are splashed with acid!
You die...

###..
.#..#
#####....#
#....?....
#.........
#.....#...
#.J..###..
#@†...#..?
#####...#.
## #. .##
# #.# ..#
.#


You could see a jelly.

Vanquished Creatures
  3 gnolls
  A worm (D:2)
  3 dart slugs (D:1)
  5 endoplasms (D:1)
  A giant cockroach (D:1)
  6 goblins
  4 hobgoblins (D:1)
  7 jackals
  2 kobolds (D:1)
  3 ball pythons
  2 frilled lizards
37 creatures vanquished.

Notes
Turn   | Place    | Note
-------+----------+-------------------------------------------
     0 | D:1      | avis the Hill Orc Monk began the quest for the Orb.
     0 | D:1      | Reached XP level 1. HP: 19/19 MP: 1/1
   152 | D:1      | Reached XP level 2. HP: 26/26 MP: 2/2
   264 | D:1      | Reached skill level 5 in Axes
   335 | D:1      | Found a faded altar of an unknown god.
   353 | D:1      | Reached XP level 3. HP: 28/31 MP: 3/3
   826 | D:1      | Reached skill level 6 in Axes
   886 | D:1      | Reached XP level 4. HP: 21/39 MP: 4/4
  1071 | D:2      | Splashed by a jelly's acid

Illustrated notes

Levels and vault maps discovered:
D:1:      minmay_arrival_four_loops, layout_loops_ring,
          hellmonk_ecumenical_altar_run_dry
D:2:      layout_rooms, minmay_strange_pillars, grunt_ministairs_10

Skill      XL: |  1  2  3 |
---------------+----------+-----
Axes           | 5 6 |  6.7
Fighting       | |  3.6
Dodging        | |  2.4

Action                     |  1- 3 |  4- 6 || total
---------------------------+-------+-------++-------
  Melee: Hand axe          |    70 |    27 ||    97
    Use: Potion            |       |     1 ||     1
 Armour: Robe              |     6 |       ||     6
         Chain mail        |     7 |    15 ||    22
         Ring mail         |     1 |       ||     1
  Dodge: Dodged            |    39 |     5 ||    44

Table legend: (Time is in decaauts)
 A = Elapsed time spent in this place.
 B = Non-inter-level travel time spent in this place.
 C = Inter-level travel time spent in this place.
 D = Time resting spent in this place.
 E = Time spent auto-exploring this place.
 F = Levels seen in this place.
 G = Mean time per level.
                   A        B        C        D        E       F      G
               +--------+--------+--------+--------+--------+-----+--------+
         Total |   1077 |    976 |    101 |    242 |    414 |   2 |  538.5 |
       Dungeon |   1077 |    976 |    101 |    242 |    414 |   2 |  538.5 |
               +--------+--------+--------+--------+--------+-----+--------+

Top non-repeatable levels by time:
     D:1: 1007 daAuts
     D:2: 69 daAuts
